 Dungeon Crawl Stone Soup version 0.18.1-8-gdd0e5ea (webtiles) character file.

42 Makenshine the Ruffian (level 3, 0/28 HPs)
             Began as a Draconian Transmuter on June 4, 2016.
             Slain by an adder (2 damage)
             ... on level 2 of the Dungeon.
             The game lasted 00:02:57 (787 turns).

Makenshine the Ruffian (Draconian Transmuter)        Turns: 787, Time: 00:02:58

Health: 0/28       AC:  5    Str: 12    XL:     3   Next: 35%
Magic:  6/6        EV: 12    Int: 14    God:
Gold:   66         SH:  0    Dex: 11    Spells: 1 memorised, 5 levels left

rFire  . . .     SeeInvis +       - Unarmed
rCold  . . .     Gourm    .     (armour unavailable)
rNeg   . . .     Faith    .     (no shield)
rPois  .         Spirit   .     (helmet restricted)
rElec  .         Dismiss  .     (no cloak)
rCorr  .         Reflect  .     (no gloves)
SustAt .         Harm     .     (boots currently unavailable)
MR     .....                    (no amulet)
Stlth  +.........               (no ring)
                                m - ring of see invisible

@: lethally poisoned (0 -> -2), appendage (expiring), not resistant to hostile
enchantments, very unstealthy
A: unfitting armour, talons 3, cold-blooded, AC +5
a: End Transformation


You were on level 2 of the Dungeon.
You were not hungry.
You had grown temporary talons.
You visited 1 branch of the dungeon, and saw 2 of its levels.

You collected 66 gold pieces.

Inventory:

Missiles
 a - 44 arrows
Jewellery
 m - a ring of see invisible (left hand)
Scrolls
 d - 2 scrolls of identify {unknown}
 f - 2 scrolls of recharging {unknown}
 g - a scroll of remove curse {unknown}
 h - a scroll of enchant armour {unknown}
 k - a scroll of teleportation {unknown}
Potions
 e - a potion of agility {unknown}
 j - a potion of lignification {unknown}
 l - a potion of curing {unknown}
Books
 b - a book of Changes

   Spells                             Type                      Level
   a - Beastly Appendage              Transmutation                1
   b - Sticks to Snakes               Transmutation                2
   c - Spider Form                    Transmutation/Poison         3
   d - Ice Form                       Ice/Transmutation            4
   e - Blade Hands                    Transmutation                5
Comestibles
 c - a bread ration
 i - 3 chunks of flesh


   Skills:
 + Level 1.2 Fighting
 - Level 1.7 Dodging
 * Level 4.1 Unarmed Combat
 + Level 2.1 Spellcasting
 + Level 2.3 Transmutations


You had 5 spell levels left.
You knew the following spells:

 Your Spells              Type           Power        Failure   Level  Hunger
a - Beastly Appendage     Trmt           #.....       12%         1    #......


Dungeon Overview and Level Annotations

Branches:
Dungeon (2/15)

Altars:


Innate Abilities, Weirdness & Mutations

Your plain brown scales are hard (AC +5).
Your body does not fit into most forms of armour.
You are cold-blooded and may be slowed by cold attacks.
You have claws for feet.


Message History

You hit the adder. You claw the adder, but do no damage.
The adder is almost dead.
The adder barely misses you.
The hobgoblin hits you but does no damage.
The adder closely misses you.
You closely miss the adder.
Your tail-slap misses the adder.
The adder is almost dead.
The hobgoblin misses you. The adder barely misses you.
You closely miss the adder. You claw the adder.
The adder is almost dead.
The adder bites you but does no damage. The hobgoblin hits you with a club!
* * * LOW HITPOINT WARNING * * *
You barely miss the adder.
The adder is almost dead.
The adder closely misses you. The hobgoblin closely misses you.
You miss the adder. Your kick misses the adder.
The adder is almost dead.
* * * LOW HITPOINT WARNING * * *
You feel sick. The adder bites you.
You die...

#.......##..#...#.#####..
#.......##....#.#........
#........#.#)............
#...............#...)....
#...<..)...#.##.#######..
#...............# #..
########..##..#.# #..
#######..##..#.# #..
.......@..#..#.# ..
###....Sg......#
.............###
.#...........#
..........####
.....?...## ##########


You could see an adder and a hobgoblin.

Vanquished Creatures
  2 oozes (D:1)
  2 dart slugs (D:1)
  2 giant geckos (D:1)
  6 goblins
  2 hobgoblins (D:1)
  6 kobolds
  A bat (D:1)
  3 giant newts
  3 rats (D:1)
27 creatures vanquished.

Notes
Turn   | Place    | Note
--------------------------------------------------------------
     0 | D:1      | Makenshine the Draconian Transmuter began the quest for the Orb.
     0 | D:1      | Reached XP level 1. HP: 16/16 MP: 3/3
   109 | D:1      | Reached XP level 2. HP: 23/23 MP: 3/5
   393 | D:1      | Reached XP level 3. HP: 28/28 MP: 6/6
   494 | D:1      | Reached skill level 4 in Unarmed Combat
   787 | D:2      | Slain by an adder

Skill      XL: |  1  2  3 |
---------------+----------+-----
Unarmed Combat | 4 |  4.1
Fighting       | |  1.2
Dodging        | |  1.7
Spellcasting   | |  2.1
Transmutations | |  2.3

Action                   || total
-------------------------++-------
Melee: Unarmed           ||    95
       Tailslap          ||     8
       Headbutt          ||     2
       Kick              ||     5
 Cast: Beastly Appendage ||     3
 Stab: Sleeping          ||     1
Armor: Skin              ||    22
Dodge: Dodged            ||    61
